 Dungeon Crawl Stone Soup version 0.16.2-12-gd0ad4c3 (webtiles) character file.

50114 Kloppie the Spry (level 14, -5/124 (125) HPs)
             Began as a Merfolk Berserker on Oct 28, 2015.
             Was an Elder of Trog.
             Killed by divine providence
             ... invoked by a smoke demon
              (15 damage)
             ... on level 1 of the Abyss.
             The game lasted 01:11:55 (21022 turns).

Kloppie the Spry (Merfolk Berserker)               Turns: 21022, Time: 01:11:55

HP:   -5/124 (125)  AC: 29    Str: 16    XL:     14   Next: 53%
MP:   9/9           EV: 21    Int: -3    God:    Trog [****..]
Gold: 1919          SH:  0    Dex: 18    Spells: 0 memorised, 13 levels left

rFire  + + .     SeeInvis .     b - +6 bardiche (protect)
rCold  . . .     Rnd*Rage +     H - +5 scale mail of Patterns {rElec rF+ rN+ Int-5}
rNeg   + + .     SustAb   .     (no shield)
rPois  .         Gourm    .     o - -1 helmet
rElec  +         Spirit   .     O - +1 cloak
rCorr  .         Warding  +     v - +0 pair of gloves
rMut   .         Stasis   .     d - +1 pair of boots
MR     +....                    t - amulet of warding
Stlth  ..........               I - ring of protection from fire
                                z - +4 ring of protection

@: very slightly contaminated, lost intelligence, very slow, somewhat resistant
to hostile enchantments, extremely unstealthy
A: change form in water, swift swim, berserk 2, deterioration 3, dopey 2, low mp
3, weak 1, placid magic 1
a: Burn Spellbooks, Berserk, Trog's Hand, Brothers in Arms, Renounce Religion


You were on level 1 of the Abyss.
You worshipped Trog.
Trog was greatly pleased with you.
You were very hungry.

You visited 4 branches of the dungeon, and saw 19 of its levels.
You visited the Abyss 2 times.
You also visited: Labyrinth and Ice Cave.

You collected 2315 gold pieces.
You spent 396 gold pieces at shops.

Inventory:

Hand weapons
 a - a +3 demon trident
 b - a +6 bardiche of protection (weapon)
Missiles
 f - 3 javelins of returning (quivered)
Armour
 d - a +1 pair of boots (worn)
 o - a -1 helmet (worn)
 v - a +0 pair of gloves (worn)
 x - a +2 buckler
 H - the +5 scale mail of Patterns (worn) {rElec rF+ rN+ Int-5}
   (You bought it in a shop on level 5 of the Dungeon)

   It affects your intelligence (-5).
   It protects you from fire.
   It insulates you from electricity.
   It protects you from negative energy.
 O - a +1 cloak (worn)
Jewellery
 g - an uncursed ring of flight {unknown}
 k - an uncursed amulet of resist mutation
 r - the ring "Phygiter" {rElec rN+ Str+4 SInv Stlth-}
   (You found it in an ice cave)

   [ring of positive energy]

   It affects your strength (+4).
   It insulates you from electricity.
   It protects you from negative energy.
   It enhances your eyesight.
   It makes you less stealthy.
 s - an uncursed ring of teleportation
 t - an amulet of warding (around neck)
 w - an uncursed ring of poison resistance
 z - a +4 ring of protection (left hand)
 I - a ring of protection from fire (right hand)
Magical devices
 A - a wand of teleportation (4)
 L - a wand of digging (24)
 R - a wand of disintegration (16)
Scrolls
 e - 4 scrolls of remove curse
 m - 4 scrolls of fog
 n - 3 scrolls of teleportation
 q - 2 scrolls of recharging
 u - 5 scrolls of blinking
 N - 3 scrolls of identify
Potions
 i - 3 potions of curing
 j - 2 potions of invisibility
 D - 2 potions of cancellation
 U - 2 potions of might
Comestibles
 c - 10 bread rations


   Skills:
 - Level 16.2 Fighting
 - Level 14.1 Polearms
 + Level 8.9 Armour
 - Level 16.5 Dodging


You had 13 spell levels left.
You didn't know any spells.

Dungeon Overview and Level Annotations

Branches:
Dungeon (9/15)             Temple (1/1) D:4            Lair (7/8) D:9
 Shoals (0/5) Lair:6        Snake (0/5) Lair:4          Orc (2/4) D:9
  Slime: Lair:6-8

Altars:
Ashenzari
Cheibriados
Dithmenos
Elyvilon
Fedhas
Gozag
Kikubaaqudgha
Makhleb
Nemelex Xobeh
Okawaru
Qazlal
Ru
Sif Muna
Trog
Vehumet
Xom
Yredelemnul
Zin
The Shining One

Shops:
D:5 [   D:8 }   D:9 [

Annotations:
Orc:2 Sonja


Innate Abilities, Weirdness & Mutations

You revert to your normal form in water.
You are very nimble and swift while swimming.
[You often lose your temper in combat.]
[Your body is rapidly deteriorating.]
[You are very dopey. (Int -4)]
[Your magical capacity is extremely low (-30% MP).]
[You are weak. (Str -2)]
[Your spells are a little easier to cast, but a little less powerful.]


Message History

A smoke demon and a small abomination come into view.
The smoke demon roars!
A smoke demon comes into view.
The smoke demon roars!
The small abomination completely misses you.
The smoke demon moves out of view.
The smoke demon gestures at you. Something smites you!
* * * LOW HITPOINT WARNING * * *
The small abomination barely misses you.
The smoke demon gestures at you. Something smites you!
* * * LOW HITPOINT WARNING * * *
The small abomination misses you. The small abomination hits you.
* * * LOW HITPOINT WARNING * * *
Unknown command.
The smoke demon gestures at you. Something smites you!
You die...

. .#. .... #. .# # ..#
....# . #...# #.. ...#..
. # # .. ..... #.#..# #.
...# ##.#... .#...###
#.#.### ######...#..#..
#.....#.###.#.##@........
#. #.#.##.....#x.....#.#
................#...###
##..#.#........#≈...# .#.
. #.......3.##.## ..#
##..........≈### .#
.#...(....#.#.. ≈ #.# ...
......###.#..
.##..#.......#. #..


You could see a smoke demon and a small abomination.

Vanquished Creatures
  Gastronok (Lair:1)
  A minotaur (Lab)
  Fannar (Lair:7)
  2 ice dragons
  A catoblepas (Lair:7)
  A naga warrior (Lair:4)
  2 hydras
  Erica (Lair:3)
  4 death yaks (Lair:4)
  Nergalle (Lair:3)
  A large abomination (Abyss:1)
  A lindwurm (Lair:7)
  2 ice statues (IceCv)
  An orc sorcerer (Orc:2)
  A hill giant (D:6)
  A griffon (Lair:2)
  2 black mambas
  29 elephants
  Joseph (D:7)
  2 fire drakes
  8 komodo dragons
  5 spiny frogs
  4 polar bears
  A troll (D:9)
  A queen bee (Lair:6)
  5 blink frogs
  A basilisk (Lair:3)
  21 yaks
  A deep elf fighter (D:7)
  A wyvern (Lair:2)
  A hippogriff (Lair:6)
  The ghost of Kloppie the Poker, an average MfBe of Trog (D:3)
  2 nagas (Lair:4)
  16 water moccasins
  A soldier ant (D:8)
  13 wolves
  8 porcupines
  23 ice beasts
  3 black bears
  4 sky beasts
  A phantom (D:9)
  7 ogres
  8 crocodiles
  8 orc warriors
  A boring beetle (D:8)
  Blork the orc (D:6)
  11 giant frogs
  6 scorpions
  29 killer bees
  2 spriggan skeletons (Lab)
  5 electric eels
  4 goliath beetles
  3 crimson imps (D:5)
  8 hounds
  A centaur zombie (D:7)
  A centaur skeleton (D:3)
  8 iguanas
  6 orc priests
  13 orc wizards
  Natasha (D:3)
  8 worker ants
  Ijyb (D:7)
  Jessica (D:3)
  2 ogre skeletons (Lab)
  4 sheep (Lair:2)
  Terence (D:3)
  A mummy (D:7)
  A hound skeleton (D:4)
  10 gnolls
  Robin (D:2)
  12 adders
  4 shadow imps
  45 river rats
  3 giant mites
  3 worms
  2 adder skeletons
  A giant gecko (D:3)
  An ooze (D:2)
  65 orcs
  15 bats
  A bat skeleton (D:4)
  A bat zombie (D:8)
  5 giant cockroaches
  21 goblins
  23 hobgoblins
  6 jackals
  11 quokkas
  6 giant newts
  A jackal zombie (D:6)
  14 kobolds
  3 quokka skeletons
  15 rats
  16 spectral orcs (Lair:3)
  2 fungi (Lair:7)
  2 starspawn tentacles (Abyss:1)
608 creatures vanquished.

Vanquished Creatures (collateral kills)
  Rupert (Lair:5)
  Maud (Lair:3)
  An ice dragon (IceCv)
  A crocodile (Lair:3)
4 creatures vanquished.

Vanquished Creatures (others)
  A spriggan druid (Lair:6)
  A snapping turtle (Lair:6)
  A yak (Lair:6)
  An ogre (D:8)
  A centaur (D:8)
  An adder skeleton (D:8)
  2 goblins
  20 fungi
  5 plants
  9 starspawn tentacles (Abyss:1)
  148 starspawn tentacle segments (Abyss:1)
  19 toadstools
209 creatures vanquished.

Grand Total: 821 creatures vanquished

Notes
Turn   | Place    | Note
--------------------------------------------------------------
     0 | D:1      | Kloppie, the Merfolk Berserker, began the quest for the Orb.
     0 | D:1      | Reached XP level 1. HP: 18/18 MP: 1/1
   100 | D:1      | Reached XP level 2. HP: 21/24 MP: 2/2
   412 | D:1      | Reached skill level 5 in Polearms
   534 | D:1      | Acquired Trog's second power
   545 | D:1      | Reached XP level 3. HP: 28/30 MP: 3/3
  1441 | D:2      | Noticed Robin
  1466 | D:2      | Killed Robin
  1466 | D:2      | Reached XP level 4. HP: 32/38 MP: 4/4
  1971 | D:3      | Found a blossoming altar of Fedhas.
  2006 | D:3      | Reached skill level 6 in Polearms
  2017 | D:3      | Reached skill level 5 in Fighting
  2023 | D:3      | Reached XP level 5. HP: 5/44 MP: 5/5
  2025 | D:3      | HP: 1/66 [gnoll (4)]
  2787 | D:3      | Reached skill level 7 in Polearms
  2982 | D:3      | Noticed Jessica
  2994 | D:3      | Killed Jessica
  2994 | D:3      | Reached XP level 6. HP: 49/52 MP: 6/6
  3215 | D:3      | Noticed Terence
  3220 | D:3      | Killed Terence
  3276 | D:3      | Noticed Kloppie's ghost (average MfBe)
  3295 | D:3      | Killed Kloppie's ghost
  3295 | D:3      | Reached skill level 8 in Polearms
  3295 | D:3      | Reached XP level 7. HP: 59/59 MP: 7/7
  3320 | D:3      | Noticed Natasha
  3353 | D:3      | Killed Natasha
  3717 | D:4      | Found a staircase to the Ecumenical Temple.
  3733 | Temple   | Entered the Ecumenical Temple
  4058 | D:4      | Reached skill level 9 in Polearms
  4398 | D:5      | Entered Level 5 of the Dungeon
  4540 | D:5      | Reached XP level 8. HP: 62/67 MP: 8/8
  4664 | D:5      | Reached skill level 10 in Polearms
  4729 | D:5      | Found Streuv Onnis' Antique Armour Shoppe.
  4795 | D:5      | Bought a dazzling scale mail for 270 gold pieces
  4798 | D:5      | Identified the +5 scale mail of Patterns {rElec rF+ rN+ Int-5} (You bought it in a shop on level 5 of the Dungeon)
  5214 | D:5      | Received a gift from Trog
  5553 | D:6      | Reached skill level 11 in Polearms
  5752 | D:6      | Acquired Trog's third power
  5895 | D:6      | Noticed a hill giant
  5905 | D:6      | Killed a hill giant
  5905 | D:6      | Reached skill level 12 in Polearms
  5905 | D:6      | Reached XP level 9. HP: 78/78 MP: 9/9
  6282 | D:6      | Noticed Blork the orc
  6297 | D:6      | Killed Blork the orc
  6695 | D:7      | Noticed Joseph
  6749 | D:7      | Killed Joseph
  6749 | D:7      | Reached skill level 10 in Fighting
  6749 | D:7      | Reached skill level 5 in Dodging
  7264 | D:7      | Noticed Ijyb
  7272 | D:7      | Killed Ijyb
  7329 | D:7      | Reached XP level 10. HP: 70/87 MP: 10/10
  7652 | D:8      | Found Jipnu's Gadget Shop.
  8629 | D:9      | Found a staircase to the Orcish Mines.
  8698 | D:9      | Found a staircase to the Lair.
  8791 | D:9      | Found a glowing golden altar of the Shining One.
  8854 | D:9      | Found Jead's Antique Armour Emporium.
  8862 | D:9      | Bought a runed cloak for 126 gold pieces
  9154 | Lair:1   | Entered Level 1 of the Lair of Beasts
  9346 | Lair:1   | Got a sheer robe
  9393 | Lair:1   | Identified the +0 robe of Intuition {-Tele MP+9 Int+4 SInv} (You found it on level 1 of the Lair of Beasts)
  9524 | Lair:1   | Reached skill level 10 in Dodging
  9827 | Lair:1   | Noticed Gastronok
  9843 | Lair:1   | Killed Gastronok
  9843 | Lair:1   | Reached skill level 13 in Fighting
  9843 | Lair:1   | Reached XP level 11. HP: 98/98 MP: 11/11
 11147 | Lair:3   | Received a gift from Trog
 11314 | Lair:3   | Noticed Maud
 11424 | Lair:3   | Noticed Erica
 11431 | Lair:3   | Killed Erica
 11431 | Lair:3   | Reached skill level 14 in Fighting
 11588 | Lair:3   | Noticed Nergalle
 11669 | Lair:3   | Killed Nergalle
 11669 | Lair:3   | Reached XP level 12. HP: 87/107 MP: 12/12
 11790 | Lair:3   | Killed Maud
 12398 | Lair:4   | Noticed a seven-headed hydra
 12410 | Lair:4   | Killed a seven-headed hydra
 12523 | Lair:4   | Found a labyrinth entrance.
 12535 | Lab      | Entered a labyrinth
 13124 | Lab      | Noticed a minotaur
 13135 | Lab      | Killed a minotaur
 13266 | Lab      | Got an encrusted great mace
 13416 | Lair:1   | Lost intelligence.
 13416 | Lair:1   | Identified the +2 great mace of the Eleven Planets {crush, +Fly MR++ Int-5 Stlth+} (You found it in a labyrinth)
 13596 | Lair:4   | You fall through a shaft!
 13703 | Lair:5   | Reached skill level 15 in Fighting
 13750 | Lair:5   | Noticed a six-headed hydra
 13769 | Lair:5   | Killed a six-headed hydra
 13780 | Lair:5   | Reached skill level 15 in Dodging
 14211 | Lair:5   | Reached XP level 13. HP: 41/117 MP: 13/13
 14212 | Lair:5   | Reached skill level 16 in Dodging
 14552 | Lair:4   | Noticed a naga warrior
 14575 | Lair:4   | Killed a naga warrior
 14809 | Lair:4   | Found a staircase to the Snake Pit.
 14831 | Lair:4   | You fall through a shaft for 2 floors!
 16125 | Lair:5   | Noticed Rupert
 16171 | Lair:5   | Killed Rupert
 17044 | Lair:6   | Reached skill level 5 in Armour
 17095 | Lair:6   | Received a gift from Trog
 17423 | Lair:6   | Found a staircase to the Shoals.
 17567 | Lair:6   | Cast into the Abyss (a distortion unwield)
 17597 | Abyss:1  | Noticed a tentacled starspawn
 17694 | Abyss:1  | Noticed an ancient lich
 17724 | Abyss:1  | Noticed a starcursed mass
 17730 | Lair:6   | Escaped the Abyss
 18075 | Lair:7   | Reached XP level 14. HP: 98/124 MP: 14/14
 18145 | Lair:7   | Noticed Fannar
 18171 | Lair:7   | Killed Fannar
 19127 | Orc:1    | Entered Level 1 of the Orcish Mines
 19626 | Orc:2    | Found a frozen archway.
 19687 | IceCv    | Entered an ice cave
 20289 | IceCv    | Got a translucent lapis lazuli ring
 20330 | IceCv    | Identified the ring "Phygiter" {rElec rN+ Str+4 SInv Stlth-} (You found it in an ice cave)
 20719 | Orc:2    | Noticed Sonja
 20723 | Orc:2    | Cast into the Abyss (Sonja)
 20744 | Abyss:1  | Noticed a bone dragon
 20755 | Abyss:1  | Noticed a bone dragon
 20829 | Abyss:1  | Noticed a tentacled starspawn
 20903 | Abyss:1  | Noticed a tentacled starspawn
 20906 | Abyss:1  | Noticed a red very ugly thing
 20958 | Abyss:1  | Lost intelligence.
 20966 | Abyss:1  | HP: 1/124 [deep elf priest/divine providence (7)]
 21022 | Abyss:1  | Killed from afar by a smoke demon

Action                   |  1- 3 |  4- 6 |  7- 9 | 10-12 | 13-15 || total
-------------------------+-------+-------+-------+-------+-------++-------
Melee: Spear             |   150 |   225 |   848 |       |       ||  1223
       Glaive            |       |       |    16 |   376 |       ||   392
       Bardiche          |       |       |       |   201 |   766 ||   967
       Demon trident     |       |       |       |    83 |       ||    83
       Halberd           |       |       |       |       |    40 ||    40
Invok: Berserk           |     1 |     4 |     5 |     8 |     8 ||    26
       Trog's Hand       |     1 |     2 |     3 |    10 |     6 ||    22
       Brothers in Arms  |       |       |       |     2 |     3 ||     5
Evoke: Wand              |       |       |       |       |     1 ||     1
  Use: Potion            |       |     1 |       |       |    13 ||    14
       Scroll            |       |       |    13 |    10 |    11 ||    34
 Stab: Sleeping          |     2 |       |       |       |       ||     2
       Distracted        |       |       |     1 |       |       ||     1
       Fleeing           |       |       |       |       |     1 ||     1
  Eat: Chunk             |     2 |    10 |    18 |    22 |    23 ||    75
       Pizza             |       |       |     2 |       |     1 ||     3
       Beef jerky        |       |       |       |     2 |       ||     2
       Fruit             |       |       |       |     1 |       ||     1
       Meat ration       |       |       |       |     1 |     1 ||     2
       Bread ration      |       |       |       |       |     1 ||     1
